 Dungeon Crawl Stone Soup version 0.21.1-1-g345015f (webtiles) character file.

441 wilfster70 the Scholar of Death (level 6, -4/46 HPs)
             Began as a Demonspawn Gladiator on July 4, 2018.
             Was a Follower of Kikubaaqudgha.
             Slain by an orc warrior
             ... wielding a +3 scimitar of holy wrath
              (18 damage)
             ... on level 6 of the Dungeon.
             The game lasted 00:16:31 (4309 turns).

wilfster70 the Scholar of Death (DsGl)              Turns: 4309, Time: 00:16:32

Health: -4/46      AC:  5    Str: 15    XL:     6   Next: 71%
Magic:  11/11      EV: 14    Int: 11    God:    Kikubaaqudgha [*.....]
Gold:   189        SH:  0    Dex: 14    Spells: 10/11 levels left

rFire    + . .     SeeInvis .   a - +0 quarterstaff
rCold    . . .     Gourm    .   (shield currently unavailable)
rNeg     . . .     Faith    .   t - +0 leather armour
rPois    +         Spirit   .   c - +0 helmet
rElec    .         Reflect  .   (no cloak)
rCorr    .         Harm     .   (no gloves)
MR       .....                  p - +0 pair of boots
Stlth    ++........             (no amulet)
HPRegen  0.15/turn              e - ring of poison resistance
MPRegen  0.12/turn              o - ring of stealth

@: marked
A: talons 2, repulsion field 1, fire resistance 1
a: Receive Corpses, Renounce Religion


You were on level 6 of the Dungeon.
You worshipped Kikubaaqudgha.
Kikubaaqudgha was aware of your devotion.
You were hungry.

You visited 1 branch of the dungeon, and saw 5 of its levels.

You collected 189 gold pieces.

Inventory:

Hand Weapons
 a - a +0 quarterstaff (weapon)
Missiles
 d - 2 throwing nets
 j - 10 sling bullets
 k - 86 stones (quivered)
Armour
 c - a +0 helmet (worn)
 p - a +0 pair of boots (worn)
 t - a +0 leather armour (worn)
Jewellery
 e - a ring of poison resistance (left hand)
 g - an uncursed ring of see invisible
 o - a ring of stealth (right hand)
Wands
 i - a wand of iceblast (8)
 m - a wand of flame (24)
Scrolls
 h - 2 scrolls of identify
 l - 3 scrolls of teleportation
Potions
 n - a potion of invisibility
 q - a potion of curing {unknown}
Books
 b - Kikubaaqudgha's Incunabulum of Dark Rites
   (Kikubaaqudgha gifted it to you on level 3 of the Dungeon)

   Spells                             Type                      Level
   a - Animate Skeleton               Necromancy                   1
   b - Pain                           Necromancy                   1
   c - Sublimation of Blood           Necromancy                   2
   d - Vampiric Draining              Necromancy                   3
 s - a book of Cantrips

   Spells                             Type                      Level
   a - Confusing Touch                Hexes                        1
   b - Animate Skeleton               Necromancy                   1
   c - Summon Small Mammal            Summoning                    1
   d - Apportation                    Translocation                1
Comestibles
 f - 6 rations


   Skills:
 - Level 2.8 Fighting
 - Level 4.0 Staves
 - Level 1.7 Throwing
 - Level 2.6 Dodging
 + Level 3.4 Spellcasting
 + Level 4.3 Necromancy


You had 10 spell levels left.
You knew the following spells:

 Your Spells              Type           Power        Failure   Level  Hunger
a - Animate Skeleton      Necr           N/A          4%          1    #......


Dungeon Overview and Level Annotations

Branches:
Dungeon (4/15)
 Temple: D:4-7

Altars:
Kikubaaqudgha
Okawaru
Ru
Sif Muna
Trog
Uskayaw
Vehumet


Innate Abilities, Weirdness & Mutations

You have razor-sharp toenails.
You are surrounded by a mild repulsion field. (EV +2)
Your flesh is heat resistant. (rF+)


Message History

The orc wizard is almost dead.
The orc warrior barely misses you. The orc barely misses you.
The orc wizard hits you but does no damage.
You sock the orc wizard!
You kill the orc wizard!
Kikubaaqudgha accepts your kill. The orc hits you with a dagger.
The orc warrior closely misses you.
A centaur comes into view.
You closely miss the orc warrior. The orc hits you with a dagger.
The orc warrior completely misses you. The orc closely misses you.
You closely miss the orc warrior. The orc warrior closely misses you.
The orc barely misses you.
You barely miss the orc warrior. The centaur misses you.
The orc warrior closely misses you. The centaur barely misses you.
The orc hits you but does no damage.
You barely miss the orc warrior. The centaur barely misses you.
The orc warrior hits you with a scimitar of holy wrath!!
You convulse!!
You die...
Kikubaaqudgha rasps: "You have failed me!
Welcome... death!"

#.##....##...#.....#
#............#.....#
#............#.....#
#............#.....#
#.##########'#.....########
### #...................
#...................
#...................
#..@................
#.ooc...............
#...................
#...................
#...................
....#+###########'#..
....#.............#..
.....#.............#.. ....
#.............#..


You could see an orc warrior, a centaur and an orc.

Vanquished Creatures
  Sigmund (D:4)
  A bullfrog (D:6)
  A hound (D:6)
  An orc wizard (D:6)
  A worker ant (D:6)
  4 adders
  An ooze (D:3)
  3 worms
  A dart slug (D:2)
  5 leopard geckos
  2 orcs
  2 giant cockroaches
  7 goblins
  8 hobgoblins
  6 jackals
  13 kobolds
  A quokka (D:2)
  3 bats
  5 frilled lizards
  9 rats
75 creatures vanquished.

Vanquished Creatures (collateral kills)
  A worker ant (D:6)
1 creature vanquished.

Grand Total: 76 creatures vanquished

Notes
Turn   | Place    | Note
-------+----------+-------------------------------------------
     0 | D:1      | wilfster70 the Demonspawn Gladiator began the quest for the Orb.
     0 | D:1      | Reached XP level 1. HP: 16/16 MP: 1/1
   586 | D:1      | Gained mutation: You are surrounded by a mild repulsion field. (EV +2) [demonic ancestry]
   586 | D:1      | Reached XP level 2. HP: 21/22 MP: 2/2
  1204 | D:1      | Gained mutation: You have sharp toenails. [demonic ancestry]
  1204 | D:1      | Reached XP level 3. HP: 28/28 MP: 3/3
  1563 | D:2      | Found a radiant altar of Vehumet.
  1563 | D:2      | Found an ancient bone altar of Kikubaaqudgha.
  1576 | D:2      | Found a deep blue altar of Sif Muna.
  1586 | D:2      | Identified Kikubaaqudgha's Guide on Sinister Secrets
  1593 | D:2      | Became a worshipper of Kikubaaqudgha
  1596 | D:2      | Learned a level 1 spell: Animate Skeleton
  1955 | D:2      | Gained mutation: You have razor-sharp toenails. [demonic ancestry]
  1955 | D:2      | Reached XP level 4. HP: 29/34 MP: 4/4
  1985 | D:2      | Found an iron altar of Okawaru.
  1985 | D:2      | Found a bloodstained altar of Trog.
  2310 | D:3      | Reached skill level 1 in Necromancy
  2327 | D:3      | Found a sacrificial altar of Ru.
  2327 | D:3      | Found a hide-covered altar of Uskayaw.
  2771 | D:3      | Reached * piety under Kikubaaqudgha
  2771 | D:3      | Identified Kikubaaqudgha's Incunabulum of Dark Rites (Kikubaaqudgha gifted it to you on level 3 of the Dungeon)
  2771 | D:3      | Received a gift from Kikubaaqudgha
  3101 | D:3      | Reached skill level 1 in Spellcasting
  3351 | D:4      | Noticed an ogre
  3454 | D:4      | Noticed Sigmund
  3520 | D:4      | HP: 1/34 [Sigmund/puff of flame (8)]
  3525 | D:4      | Killed Sigmund
  3525 | D:4      | Gained mutation: Your flesh is heat resistant. (rF+) [demonic ancestry]
  3525 | D:4      | Reached XP level 5. HP: 1/40 MP: 5/9
  3525 | D:4      | Reached XP level 6. HP: 2/46 MP: 5/10
  3875 | D:4      | You fall through a shaft for 2 floors!
  4297 | D:6      | Noticed an orc warrior
  4309 | D:6      | Slain by an orc warrior

Skill      XL: |  1  2  3  4  5  6 |
---------------+-------------------+-----
Staves         | 3 4 |  4.0
Necromancy     | 3 4 |  4.3
Spellcasting   | 2 3 |  3.4
Fighting       | |  2.8
Throwing       | |  1.7
Dodging        | |  2.6

Action                   |  1- 3 |  4- 6 || total
-------------------------+-------+-------++-------
Melee: Quarterstaff      |   115 |   142 ||   257
       Kick              |     6 |       ||     6
Throw: Stone             |       |     2 ||     2
       Throwing net      |       |     2 ||     2
 Cast: Animate Skeleton  |       |     1 ||     1
  Use: Scroll            |     2 |     5 ||     7
       Potion            |       |     1 ||     1
  Eat: Chunk             |     3 |     7 ||    10
Armor: Leather armour    |    16 |    20 ||    36
       Ring mail         |    17 |    19 ||    36
Dodge: Dodged            |    80 |   120 ||   200
